 Dungeon Crawl Stone Soup version 0.22-a0-377-g846bec1a06 (webtiles) character file.

4753 Flugkiller the Summoner (level 10, -1/67 HPs)
             Began as a Mummy Summoner on Apr 27, 2018.
             Was a Follower of Ashenzari.
             Slain by an eight-headed hydra (3 damage)
             ... on level 1 of the Lair of Beasts.
             The game lasted 00:28:55 (14219 turns).

Flugkiller the Summoner (Mummy Summoner)           Turns: 14219, Time: 00:28:56

Health: -1/67      AC:  7    Str: 12    XL:     10   Next: 23%
Magic:  16/16      EV: 12    Int: 18    God:    Ashenzari [*.....]
Gold:   598        SH:  0    Dex: 12    Spells: 3/17 levels left

rFire    . . .     SeeInvis .   t - +1 whip (venom)
rCold    + . .     Gourm    .   (no shield)
rNeg     + + +     Faith    .   q - +1 leather armour {rF+} (curse)
rPois    ∞         Spirit   .   d - +0 helmet (curse)
rElec    .         Reflect  .   (no cloak)
rCorr    .         Harm     .   i - +0 pair of gloves (curse)
MR       +....                  m - +0 pair of boots (curse)
Stlth    +.........             o - amulet of magic regeneration (curse)
HPRegen  0.21/turn              (no ring)
MPRegen  0.40/turn              (no ring)

@: very slightly contaminated
A: no food or potions, fire vulnerability, cold resistance 1, negative energy
resistance 3, torment resistance, unbreathing
a: Curse Item, Scrying, Renounce Religion


You were on level 1 of the Lair of Beasts.
You worshipped Ashenzari.
Ashenzari was aware of your devotion.
You were not hungry.

You visited 2 branches of the dungeon, and saw 10 of its levels.

You collected 598 gold pieces.

Inventory:

Hand Weapons
 l - a +0 falchion of draining
 t - a +1 whip of venom (weapon)
Armour
 d - a cursed +0 helmet (worn)
 i - a cursed +0 pair of gloves (worn)
 j - a +0 buckler
 m - a cursed +0 pair of boots (worn)
 q - a cursed +1 leather armour of fire resistance (worn)
Jewellery
 o - a cursed amulet of magic regeneration (around neck)
Wands
 h - a wand of flame (16)
 p - a wand of paralysis (11)
 r - a wand of enslavement (14)
Scrolls
 a - 2 scrolls of enchant weapon
 b - 3 scrolls of fog
 e - 2 scrolls of remove curse
 f - 2 scrolls of teleportation
 k - 3 scrolls of amnesia
 n - a scroll of silence
 s - a scroll of enchant armour {unknown}
 u - a scroll of brand weapon


   Skills:
 + Level 2.2 Fighting
 + Level 2.5 Dodging
 - Level 1.5 Stealth
 + Level 1.7 Shields
 - Level 4.0 Spellcasting
 - Level 11.0 Summonings
 - Level 3.0 Ice Magic
 - Level 4.0 Air Magic


You had 3 spell levels left.
You knew the following spells:

 Your Spells              Type           Power        Failure   Level  Hunger
a - Summon Small Mammal   Summ           ####         1%          1    N/A
b - Call Imp              Summ           #####...     1%          2    N/A
c - Call Canine Familiar  Summ           #####...     1%          3    N/A
d - Summon Ice Beast      Ice/Summ       ####....     10%         4    N/A
e - Summon Lightning Spi  Summ/Air       ####....     9%          4    N/A

Dungeon Overview and Level Annotations

Branches:
Dungeon (9/15)             Temple (0/1) D:6            Lair (1/6) D:9
    Orc: D:9-12

Altars:
Ashenzari
Cheibriados
Elyvilon
Gozag
Kikubaaqudgha
Okawaru
Qazlal
Uskayaw
Zin
The Shining One

Shops:
D:9 [

Annotations:
D:4 2 transporters
D:5 Grinder


Innate Abilities, Weirdness & Mutations

You do not eat or drink.
Your flesh is vulnerable to fire.
You are immune to poison.
Your flesh is cold resistant. (rC+)
You are immune to negative energy. (rN+++)
You are immune to unholy pain and torment.
You can survive without breathing.


Message History

Your lightning spire is destroyed!
The eight-headed hydra bites you. The eight-headed hydra bites you!
The eight-headed hydra closely misses you. x2
The eight-headed hydra bites you but does no damage.
The eight-headed hydra bites you! x3
The four-headed hydra roars!
Okay, then.
Blink to where?
Press: ? - help, Dir - move target cursor You are very lightly contaminated with residual magic.
As you read the scroll of blinking, it crumbles to dust.
The eight-headed hydra roars!
The eight-headed hydra bites you but does no damage.
The eight-headed hydra bites you. The eight-headed hydra bites you!
* * * LOW HITPOINT WARNING * * *
The eight-headed hydra bites you but does no damage.
The eight-headed hydra bites you!
* * * LOW HITPOINT WARNING * * *
The eight-headed hydra bites you.
You die...

../..#. .....$.
.#.# .....#.####
.... ....#>.#..###
#..#
............###..#
##..#..###..##..##
. #...# #.###...#
..####..###..##D..#
.........##.###@.#
.#......###.###..#
#............P.#..#
..................#
P............#.#.##
#..........#.###D#
#...........###.##
###........##.##.§#
.###...##..#####.##


You could see an eight-headed hydra and a four-headed hydra.

Vanquished Creatures
  A wyvern (D:9)
  A yak (D:9)
  An orc (D:9)
  2 quokkas (D:9)
  A rat (D:1)
6 creatures vanquished.

Vanquished Creatures (collateral kills)
  Gastronok (D:9)
  A wizard (D:9)
  Psyche (D:8)
  A rime drake (Lair:1)
  3 hippogriffs
  A blink frog (Lair:1)
  A spriggan (D:7)
  6 yaks
  A wyvern (D:9)
  Eustachio (D:4)
  A hungry ghost (D:9)
  2 water moccasins (Lair:1)
  The ghost of D1HalberdGnoll the Firebug, an amateur DEFE (D:4)
  2 orc warriors
  3 porcupines (D:9)
  3 sky beasts
  A black bear (D:7)
  2 phantoms
  The ghost of hell0 the Covered, an amateur DgWn (D:3)
  2 necrophages
  11 ogres
  2 centaurs
  3 crocodiles
  4 bullfrogs
  6 scorpions
  A crimson imp (D:9)
  A centaur zombie (D:5)
  2 hounds
  A jelly (D:7)
  3 orc priests
  A bullfrog skeleton (D:6)
  6 orc wizards
  3 iguanas
  5 worker ants
  3 hound skeletons
  A worker ant zombie (D:8)
  A howler monkey zombie (D:6)
  3 gnolls (D:6)
  2 howler monkey skeletons
  8 adders
  2 shadow imps
  An adder skeleton (D:7)
  3 worms
  3 dart slugs
  5 leopard geckos
  24 orcs
  10 bats
  5 giant cockroaches
  11 hobgoblins
  4 jackals (D:1)
  5 quokkas
  A ball python (D:3)
  3 frilled lizards
  6 goblins
  A jackal zombie (D:7)
  6 kobolds
  2 leopard gecko skeletons
  2 quokka skeletons
  3 rats
  A fungus (D:9)
200 creatures vanquished.

Vanquished Creatures (others)
  4 fungi (Lair:1)
  2 plants
6 creatures vanquished.

Grand Total: 212 creatures vanquished

Notes
Turn   | Place    | Note
-------+----------+-------------------------------------------
     0 | D:1      | Flugkiller the Mummy Summoner began the quest for the Orb.
     0 | D:1      | Reached XP level 1. HP: 13/13 MP: 4/4
   675 | D:1      | Reached XP level 2. HP: 10/19 MP: 1/6
   833 | D:1      | Learned a level 2 spell: Call Imp
  1827 | D:2      | Found a glowing golden altar of the Shining One.
  2012 | D:2      | Found a shattered altar of Ashenzari.
  2026 | D:2      | Reached XP level 3. HP: 24/24 MP: 2/7
  2123 | D:2      | Became a worshipper of Ashenzari the Shackled
  2274 | D:2      | Reached skill level 4 in Summonings
  3198 | D:3      | Learned a level 3 spell: Call Canine Familiar
  3972 | D:3      | Noticed hell0's ghost (amateur DgWn)
  4037 | D:3      | Killed hell0's ghost
  4037 | D:3      | Reached XP level 4. HP: 30/30 MP: 0/10
  4650 | D:4      | Reached * piety under Ashenzari
  4791 | D:4      | Noticed Eustachio
  4828 | D:4      | Killed Eustachio
  4828 | D:4      | Reached skill level 5 in Summonings
  4828 | D:4      | Reached XP level 5. HP: 28/35 MP: 1/11
  4961 | D:4      | Found a transporter.
  4964 | D:4      | Noticed D1HalberdGnoll's ghost (amateur DEFE)
  5081 | D:4      | Found a transporter.
  5163 | D:4      | Killed D1HalberdGnoll's ghost
  5428 | D:4      | Learned a level 4 spell: Summon Lightning Spire
  5467 | D:5      | Entered Level 5 of the Dungeon
  5485 | D:5      | Noticed a sky beast
  5634 | D:5      | Killed a sky beast
  5634 | D:5      | Reached skill level 1 in Air Magic
  5634 | D:5      | Reached XP level 6. HP: 41/41 MP: 5/12
  6211 | D:5      | Reached skill level 6 in Summonings
  6311 | D:5      | Found an opulent altar of Gozag.
  6311 | D:5      | Found an ancient bone altar of Kikubaaqudgha.
  6316 | D:5      | Found a faded altar of an unknown god.
  6445 | D:5      | Noticed Grinder
  6531 | D:5      | Found a hide-covered altar of Uskayaw.
  6532 | D:5      | Found a faded altar of an unknown god.
  6906 | D:6      | Reached XP level 7. HP: 39/46 MP: 13/13
  7283 | D:6      | Found an iron altar of Okawaru.
  7722 | D:6      | Found a staircase to the Ecumenical Temple.
  8355 | D:7      | Noticed a yak
  8362 | D:7      | Noticed a yak
  8365 | D:7      | Noticed a yak
  8370 | D:7      | Noticed a yak
  8374 | D:7      | Noticed a yak
  8994 | D:7      | Reached skill level 7 in Summonings
  8994 | D:7      | Reached XP level 8. HP: 43/52 MP: 10/14
  9263 | D:7      | Reached skill level 8 in Summonings
  9721 | D:7      | Found a white marble altar of Elyvilon.
  9724 | D:7      | Found a snail-covered altar of Cheibriados.
  9727 | D:7      | Found a glowing silver altar of Zin.
 10128 | D:8      | Reached skill level 9 in Summonings
 10320 | D:8      | Noticed a hippogriff
 10370 | D:8      | Killed a hippogriff
 10760 | D:8      | Found a stormy altar of Qazlal.
 10802 | D:8      | Noticed Psyche
 10803 | D:8      | Noticed a hippogriff
 10812 | D:8      | Killed Psyche
 10812 | D:8      | Reached XP level 9. HP: 57/57 MP: 12/15
 11362 | D:9      | Found Kioss's Antique Armour Boutique.
 11597 | D:9      | Reached skill level 10 in Summonings
 11914 | D:9      | Noticed Gastronok
 12112 | D:8      | Learned a level 4 spell: Summon Ice Beast
 12146 | D:9      | Killed Gastronok
 12470 | D:9      | Found a staircase to the Lair.
 12887 | D:9      | Noticed a wizard
 12901 | D:9      | Killed a wizard
 12901 | D:9      | Reached skill level 11 in Summonings
 12901 | D:9      | Reached XP level 10. HP: 63/63 MP: 11/16
 13200 | D:9      | Reached skill level 1 in Fighting
 13207 | D:9      | Reached skill level 1 in Shields
 13409 | Lair:1   | Entered Level 1 of the Lair of Beasts
 13409 | Lair:1   | Noticed an eight-headed hydra
 13542 | Lair:1   | Noticed a four-headed hydra
 13549 | Lair:1   | Noticed a spiny frog
 13995 | Lair:1   | Noticed an eight-headed hydra
 14219 | Lair:1   | HP: 2/67 [eight-headed hydra (13)]
 14219 | Lair:1   | Slain by an eight-headed hydra

Vault maps used:
D:1:      tarquinn_simple_flora_water_d, serial_forest,
          infiniplex_forest_clump_large, infiniplex_forest_clump_double,
          infiniplex_forest_zigzag_1, infiniplex_forest_zigzag_1,
          infiniplex_forest_zigzag_1, minmay_pentomino_o4
D:2:      wad_woods_stonehenge, nicolae_tso_swordbearing_angel
D:4:      gammafunk_steamed_eel, first_ration, uniq_eustachio
D:5:      chequers_temple_overflow_minitemple, uniq_grinder
D:6:      okawaru_ov_weapons_minmay, minmay_temple_entry_fiery
D:7:      grunt_temple_overflow_diamond, the_bakery, minmay_misc_feat_square
D:8:      grunt_qazlal_sundering, uniq_psyche
D:9:      lemuel_ogre_cave, grunt_lair_entry_orc_guard_hut, serial_shops,
          nicolae_shop_stone, lightli_wizard_tower, uniq_gastronok
Lair:1:   st_stairs_8, lemuel_fruit_tree

Skill      XL: |  1  2  3  4  5  6  7  8  9 10 |
---------------+-------------------------------+-----
Spellcasting   | 3 4 |  4.0
Summonings     | 4 5 6 7 9 11 | 11.0
Air Magic      | 1 2 4 |  4.0
Ice Magic      | 3 |  3.0
Fighting       | 2 |  2.2
Dodging        | 2 |  2.5
Shields        | 1 |  1.7
Stealth        | |  1.5

Action                   |  1- 3 |  4- 6 |  7- 9 | 10-12 || total
-------------------------+-------+-------+-------+-------++-------
Melee: Unarmed           |    11 |       |     4 |       ||    15
       Falchion          |       |       |    14 |       ||    14
       Whip              |       |       |       |    10 ||    10
 Cast: Summon Small Mamm |    27 |       |       |       ||    27
       Call Imp          |    58 |    31 |    34 |     2 ||   125
       Call Canine Famil |    11 |    25 |    41 |     7 ||    84
       Summon Lightning  |       |       |    51 |    18 ||    69
       Summon Ice Beast  |       |       |     9 |     9 ||    18
Invok: Curse Item        |     2 |     2 |     1 |       ||     5
  Use: Scroll            |       |     9 |     3 |     4 ||    16
 Stab: Distracted        |       |       |     1 |       ||     1
       Sleeping          |       |       |       |     1 ||     1
Armor: Robe              |    21 |     5 |       |       ||    26
       Leather armour    |       |       |    45 |     6 ||    51
Dodge: Dodged            |    68 |    15 |    81 |    21 ||   185
       Rpst.: Falchion   |       |       |     5 |       ||     5

Table legend:
 A = Spawn XP
 B = Non-spawn XP
 C = Spawn XP percentage of total XP
 D = Spawn monster count
 E = Non-spawn monster count
 F = Spawn count percentage of total count
 G = Total turns spent on level
                    A         B        C        D         E        F      G
               +---------+---------+-------+---------+---------+-------+---------
         Total |       0 |    6790 |   0.0 |       0 |     205 |   0.0 | 14219
               +---------+---------+-------+---------+---------+-------+---------
           D:1 |       0 |      24 |   0.0 |       0 |      22 |   0.0 |  1611
           D:2 |       0 |      37 |   0.0 |       0 |      24 |   0.0 |  1531
           D:3 |       0 |      90 |   0.0 |       0 |      19 |   0.0 |  1497
           D:4 |       0 |     188 |   0.0 |       0 |       5 |   0.0 |   958
           D:5 |       0 |     285 |   0.0 |       0 |      16 |   0.0 |   981
           D:6 |       0 |     825 |   0.0 |       0 |      28 |   0.0 |  2008
           D:7 |       0 |     922 |   0.0 |       0 |      24 |   0.0 |  1307
           D:8 |       0 |     759 |   0.0 |       0 |      20 |   0.0 |  1617
           D:9 |       0 |    3041 |   0.0 |       0 |      40 |   0.0 |  2021
        Lair:1 |       0 |     619 |   0.0 |       0 |       7 |   0.0 |   688
               +---------+---------+-------+---------+---------+-------+---------
